[Event "HUN-ch U8-U18 2019"]
[Site "Balatonlelle"]
[Date "2019.06.24"]
[Round "5.8"]
[White "Pasztor, Balazs"]
[Black "Onodi, Tamas"]
[Result "1-0"]
[ECO "B36"]
[WhiteElo "2215"]
[BlackElo "1684"]
[Annotator "NA"]
[PlyCount "58"]
[EventDate "2019.06.21"]
[EventType "swiss"]
[EventCountry "HUN"]
[SourceTitle "playchess.com"]
[Source "ChessBase"]
[SourceQuality "1"]
[TimeControl "40/5400+30:1800+30"]

1. e4 c5 2. Nf3 Nc6 3. d4 cxd4 4. Nxd4 g6 5. c4 Nf6 6. Nc3 Nxd4 7. Qxd4 d6 8. Bg5 Bg7 9. f3 O-O 10. Qd2 Be6 11. b3 Qa5 12. Rc1 Rfc8 13. Be2 a6 14. Na4 Qxd2+ 15. Kxd2 Rc6 16. Nc3 h6 17. Be3 Nd7 18. Nd5 Bxd5 19. cxd5 Rcc8 20. b4 Bb2 21. Rc2 Rxc2+ 22. Kxc2 Bg7 23. Kb3 Rc8 24. Rc1 Rxc1 25. Bxc1 f5 26. exf5 gxf5 27. Bd3 f4 28. Bf5 Nf6 29. Bc8 Nxd5 1-0

[Event "HUN-ch U8-U18 2019"]
[Site "Balatonlelle"]
[Date "2019.06.24"]
[Round "5.8"]
[White "Szilagyi, Norbert"]
[Black "Follardt, Lorinc"]
[Result "1-0"]
[ECO "B30"]
[WhiteElo "2093"]
[BlackElo "1913"]
[Annotator "NA"]
[PlyCount "77"]
[EventDate "2019.06.21"]
[EventType "swiss"]
[EventCountry "HUN"]
[SourceTitle "playchess.com"]
[Source "ChessBase"]
[SourceQuality "1"]
[TimeControl "40/5400+30:1800+30"]

1. e4 c5 2. Nf3 Nc6 3. Bb5 e6 4. O-O Nge7 5. Re1 a6 6. Bf1 d5 7. Nc3 d4 8. Ne2 Ng6 9. d3 Bd6 10. g3 O-O 11. Bg2 f5 12. exf5 exf5 13. Bg5 Qc7 14. c3 f4 15. cxd4 fxg3 16. Nxg3 Bg4 17. Be3 Bxf3 18. Bxf3 cxd4 19. Bd2 Qf7 20. Bg2 Qxf2+ 21. Kh1 Nf4 22. Bxf4 Qxf4 23. Qh5 Ne5 24. Re4 Qf7 25. Rxe5 Bxe5 26. Qxe5 Qf6 27. Qd5+ Kh8 28. Ne4 Qb6 29. b3 Rad8 30. Qh5 h6 31. Re1 Qe6 32. Qh4 Qg6 33. Nc5 Rd6 34. Qe7 Rdf6 35. Nd7 Rf2 36. Qe4 Qxe4 37. Bxe4 Rd8 38. Ne5 Rxa2 39. Nf7+ 1-0

[Event "HUN-ch U8-U18 2019"]
[Site "Balatonlelle"]
[Date "2019.06.24"]
[Round "5.9"]
[White "Juhasz, Agoston"]
[Black "Pasti, Aron"]
[Result "0-1"]
[ECO "C41"]
[WhiteElo "2161"]
[BlackElo "2193"]
[Annotator "NA"]
[PlyCount "106"]
[EventDate "2019.06.21"]
[EventType "swiss"]
[EventCountry "HUN"]
[SourceTitle "playchess.com"]
[Source "ChessBase"]
[SourceQuality "1"]
[TimeControl "40/5400+30:1800+30"]

1. e4 e5 2. Nf3 d6 3. d4 exd4 4. Nxd4 Nf6 5. Nc3 Be7 6. g3 O-O 7. Bg2 Nbd7 8. O-O Nc5 9. Nb3 Nxb3 10. axb3 c6 11. Be3 a6 12. f4 Qc7 13. h3 b5 14. Ne2 Bb7 15. Qd3 Rfd8 16. Rad1 c5 17. c4 b4 18. g4 Nd7 19. Ng3 g6 20. Rfe1 Nb8 21. Qc2 Nc6 22. Bf3 Bf8 23. Qg2 Bg7 24. e5 dxe5 25. f5 Rab8 26. Bxc5 Nd4 27. Bxd4 Bxf3 28. Qxf3 exd4 29. Kg2 Be5 30. Re4 f6 31. Rd3 Kh8 32. Ne2 Qc5 33. fxg6 hxg6 34. Nf4 Bxf4 35. Rxf4 Qe7 36. Rfxd4 Rxd4 37. Rxd4 Re8 38. c5 Qe5 39. Rd2 Rc8 40. c6 Qe6 41. Rc2 Qd6 42. h4 Rc7 43. Kh3 Qe6 44. Qg3 Qe7 45. Qf4 Kh7 46. Rc4 a5 47. Re4 Qf7 48. Qd6 Qxb3+ 49. Kg2 Qxb2+ 50. Kf3 Qb3+ 51. Re3 Qf7 52. Re6 b3 53. Rxf6 b2 0-1

[Event "HUN-ch U8-U18 2019"]
[Site "Balatonlelle"]
[Date "2019.06.24"]
[Round "5.9"]
[White "Demjen, Mark"]
[Black "Erseki, Aron"]
[Result "1/2-1/2"]
[ECO "B54"]
[WhiteElo "1944"]
[BlackElo "1854"]
[Annotator "NA"]
[PlyCount "34"]
[EventDate "2019.06.21"]
[EventType "swiss"]
[EventCountry "HUN"]
[SourceTitle "playchess.com"]
[Source "ChessBase"]
[SourceQuality "1"]
[TimeControl "40/5400+30:1800+30"]

1. e4 c5 2. Nf3 d6 3. d4 cxd4 4. Nxd4 Nf6 5. f3 Nc6 6. c4 e6 7. Nc3 Be7 8. Be3 O-O 9. Be2 d5 10. cxd5 exd5 11. exd5 Nxd5 12. Nxd5 Qxd5 13. Nxc6 Qxc6 14. Qc1 Qg6 15. Kf2 Rd8 16. Qc7 Rd7 17. Qc4 Rd6 1/2-1/2

[Event "HUN-ch U8-U18 2019"]
[Site "Balatonlelle"]
[Date "2019.06.24"]
[Round "5.10"]
[White "Fodor, Kornel"]
[Black "Bakos, Balazs"]
[Result "1/2-1/2"]
[ECO "B44"]
[WhiteElo "1926"]
[BlackElo "2408"]
[Annotator "NA"]
[PlyCount "45"]
[EventDate "2019.06.21"]
[EventType "swiss"]
[EventCountry "HUN"]
[SourceTitle "playchess.com"]
[Source "ChessBase"]
[SourceQuality "1"]
[TimeControl "40/5400+30:1800+30"]

1. e4 c5 2. Nf3 e6 3. d4 cxd4 4. Nxd4 Nc6 5. Nb5 d6 6. c4 a6 7. N5c3 Nf6 8. Be3 Be7 9. Be2 O-O 10. O-O Qc7 11. Na3 b6 12. f4 Bb7 13. Bf3 Nd7 14. Rc1 Nc5 15. Nc2 Bf6 16. Nd4 Nb4 17. Rb1 Ncd3 18. Nce2 e5 19. Nf5 exf4 20. Nxf4 Nxf4 21. Bxf4 Be5 22. Bxe5 dxe5 23. Qb3 1/2-1/2

[Event "HUN-ch U8-U18 2019"]
[Site "Balatonlelle"]
[Date "2019.06.24"]
[Round "5.10"]
[White "Pater, Peter"]
[Black "Gyurika, Tamas"]
[Result "1-0"]
[ECO "D06"]
[WhiteElo "1901"]
[BlackElo "1643"]
[Annotator "NA"]
[PlyCount "35"]
[EventDate "2019.06.21"]
[EventType "swiss"]
[EventCountry "HUN"]
[SourceTitle "playchess.com"]
[Source "ChessBase"]
[SourceQuality "1"]
[TimeControl "40/5400+30:1800+30"]

1. d4 d5 2. c4 Nf6 3. Nf3 Bf5 4. g3 e6 5. Bg2 c5 6. cxd5 Bxb1 7. Rxb1 Nxd5 8. O-O Nc6 9. e4 Nb6 10. d5 Nb4 11. a3 Na6 12. Bg5 f6 13. Bd2 exd5 14. exd5 Be7 15. Nh4 O-O 16. Nf5 Re8 17. Qg4 Bf8 18. Nh6+ 1-0

[Event "HUN-ch U8-U18 2019"]
[Site "Balatonlelle"]
[Date "2019.06.24"]
[Round "5.11"]
[White "Kozsik, Bende Barnabas"]
[Black "Szalay-Ocsak, Bank"]
[Result "1-0"]
[ECO "A01"]
[WhiteElo "2089"]
[BlackElo "1826"]
[Annotator "NA"]
[PlyCount "65"]
[EventDate "2019.06.21"]
[EventType "swiss"]
[EventCountry "HUN"]
[SourceTitle "playchess.com"]
[Source "ChessBase"]
[SourceQuality "1"]
[TimeControl "40/5400+30:1800+30"]

1. b3 d5 2. Bb2 Bg4 3. h3 Bh5 4. g4 Bg6 5. Bg2 e6 6. Nf3 Nd7 7. e3 h5 8. g5 h4 9. Rg1 c6 10. Bf1 Ne7 11. a4 a5 12. d3 Bh5 13. Be2 Qc7 14. Nbd2 Nf5 15. Rg2 e5 16. e4 Ne7 17. Ng1 Bxe2 18. Nxe2 Ng6 19. Rg4 Nc5 20. Nf1 dxe4 21. dxe4 Rd8 22. Qc1 Ne6 23. Ne3 Ngf4 24. Nc4 Bd6 25. Qe3 Bc5 26. Qf3 f6 27. gxf6 gxf6 28. Nxf4 Nxf4 29. Rxf4 exf4 30. Bxf6 Bd4 31. Bxd8 Qxd8 32. O-O-O Qf6 33. e5 1-0

[Event "HUN-ch U8-U18 2019"]
[Site "Balatonlelle"]
[Date "2019.06.24"]
[Round "5.11"]
[White "Lakatos, Tamas"]
[Black "Blahota, Marcell"]
[Result "1-0"]
[ECO "B19"]
[WhiteElo "1833"]
[BlackElo "1793"]
[Annotator "NA"]
[PlyCount "107"]
[EventDate "2019.06.21"]
[EventType "swiss"]
[EventCountry "HUN"]
[SourceTitle "playchess.com"]
[Source "ChessBase"]
[SourceQuality "1"]
[TimeControl "40/5400+30:1800+30"]

1. e4 c6 2. d4 d5 3. Nc3 dxe4 4. Nxe4 Bf5 5. Ng3 Bg6 6. Nf3 Nd7 7. h4 h6 8. h5 Bh7 9. Bd3 Bxd3 10. Qxd3 e6 11. Bd2 Ngf6 12. O-O-O Be7 13. Ne4 Qc7 14. Kb1 O-O-O 15. c3 Nd5 16. c4 N5f6 17. Be3 Nxe4 18. Qxe4 Nf6 19. Qc2 Bd6 20. Qa4 a6 21. Bd2 Qe7 22. b4 Kb8 23. Qb3 Ne4 24. c5 Bc7 25. Be3 Qf6 26. a4 Bf4 27. Qc2 Qf5 28. Bxf4+ Qxf4 29. Rh4 Qf6 30. Qxe4 Rd5 31. Qf4+ Qxf4 32. Rxf4 f6 33. Re1 Rxh5 34. Rxe6 Rh1+ 35. Kb2 Rf1 36. Re2 Rd8 37. Rfe4 g5 38. Re8 Rxe8 39. Rxe8+ Kc7 40. Re2 h5 41. Nd2 Rg1 42. g3 h4 43. gxh4 gxh4 44. Re7+ Kc8 45. Rh7 Rg4 46. Kc3 f5 47. f3 Rg1 48. Rxh4 Rc1+ 49. Kb2 Rd1 50. Kc2 Ra1 51. Rf4 Ra2+ 52. Kc3 Rxa4 53. Nc4 Ra1 54. Rxf5 1-0

[Event "HUN-ch U8-U18 2019"]
[Site "Balatonlelle"]
[Date "2019.06.24"]
[Round "5.12"]
[White "Kratzmajer, Akos Gyorgy"]
[Black "Forgacs, Andras"]
[Result "1-0"]
[ECO "B18"]
[WhiteElo "2048"]
[BlackElo "1873"]
[Annotator "NA"]
[PlyCount "59"]
[EventDate "2019.06.21"]
[EventType "swiss"]
[EventCountry "HUN"]
[SourceTitle "playchess.com"]
[Source "ChessBase"]
[SourceQuality "1"]
[TimeControl "40/5400+30:1800+30"]

1. e4 c6 2. d4 d5 3. Nc3 dxe4 4. Nxe4 Bf5 5. Ng3 Bg6 6. Nh3 e6 7. Nf4 Bd6 8. Nfh5 Bxg3 9. hxg3 Bxh5 10. Rxh5 Nf6 11. Rh4 Qa5+ 12. c3 Nd5 13. Bd2 Qb6 14. Qc2 Nf6 15. Bd3 g6 16. Bg5 Nbd7 17. Qd2 Qa5 18. O-O-O Qxa2 19. Qf4 Nd5 20. Qd6 Qa1+ 21. Bb1 f6 22. Qxe6+ Kd8 23. Bd2 N7b6 24. Rxh7 Rxh7 25. Qg8+ Kd7 26. Qxh7+ Kd6 27. Bf4+ Nxf4 28. gxf4 Nc4 29. Qxb7 a5 30. d5 {[%emt 0:00:45] Kxd5} 1-0

[Event "HUN-ch U8-U18 2019"]
[Site "Balatonlelle"]
[Date "2019.06.24"]
[Round "5.12"]
[White "Petervari, Szabolcs"]
[Black "Daroczi, Donat"]
[Result "0-1"]
[ECO "C07"]
[WhiteElo "1816"]
[BlackElo "2050"]
[Annotator "NA"]
[PlyCount "56"]
[EventDate "2019.06.21"]
[EventType "swiss"]
[EventCountry "HUN"]
[SourceTitle "playchess.com"]
[Source "ChessBase"]
[SourceQuality "1"]
[TimeControl "40/5400+30:1800+30"]

1. e4 e6 2. d4 d5 3. Nd2 c5 4. c3 Nc6 5. Bb5 Nf6 6. e5 Nd7 7. Bxc6 bxc6 8. f4 a5 9. Qa4 Qb6 10. Ngf3 Ba6 11. Kf2 cxd4 12. Nxd4 c5 13. N4f3 Bb5 14. Qc2 f6 15. Re1 f5 16. Kg1 Be7 17. c4 Bc6 18. cxd5 Bxd5 19. Kh1 O-O 20. Qa4 Qb7 21. Qc2 Rfd8 22. b3 Nb8 23. Bb2 Nc6 24. Bc3 Nd4 25. Bxd4 cxd4 26. Qd3 Bb4 27. Re2 Rac8 28. Nxd4 Bc3 0-1

[Event "HUN-ch U8-U18 2019"]
[Site "Balatonlelle"]
[Date "2019.06.24"]
[Round "5.13"]
[White "Miszler, Levente"]
[Black "Papp, Levente"]
[Result "0-1"]
[ECO "A14"]
[WhiteElo "2041"]
[BlackElo "2350"]
[Annotator "NA"]
[PlyCount "114"]
[EventDate "2019.06.21"]
[EventType "swiss"]
[EventCountry "HUN"]
[SourceTitle "playchess.com"]
[Source "ChessBase"]
[SourceQuality "1"]
[TimeControl "40/5400+30:1800+30"]

1. Nf3 d5 2. c4 e6 3. g3 Nf6 4. Bg2 Be7 5. O-O O-O 6. d4 c6 7. Nc3 Nbd7 8. b3 Qa5 9. Qc2 b5 10. Bd2 b4 11. Na4 Ne4 12. Nb2 Ba6 13. a3 Nxd2 14. Qxd2 Qb6 15. axb4 Bxb4 16. Qc2 Be7 17. Nd3 Bb7 18. e3 Rfc8 19. c5 Qc7 20. Ra4 a5 21. Rfa1 Bd8 22. b4 axb4 23. Nxb4 Rxa4 24. Rxa4 Ra8 25. Bf1 Rxa4 26. Qxa4 Qa5 27. Qxa5 Bxa5 28. Nd3 f6 29. h4 Kf7 30. Bh3 Ba6 31. Nf4 Nf8 32. Bf1 Bb7 33. Bd3 Bc7 34. Nd2 e5 35. Ne2 h5 36. Nb3 e4 37. Bc2 g5 38. hxg5 fxg5 39. Kg2 Nd7 40. Bd1 Nf6 41. Nc3 Bc8 42. Na4 h4 43. Nb6 h3+ 44. Kh2 Bg4 45. Bc2 Bf3 46. Kxh3 Ng4 47. Na5 Nxf2+ 48. Kh2 Ng4+ 49. Kg1 Bxg3 50. Bb3 Bh2+ 51. Kf1 Nxe3+ 52. Ke1 Ng2+ 53. Kf2 g4 54. Bxd5+ cxd5 55. Nxd5 g3+ 56. Kf1 e3 57. Nc4 e2# 0-1

[Event "HUN-ch U8-U18 2019"]
[Site "Balatonlelle"]
[Date "2019.06.24"]
[Round "5.13"]
[White "Gyenes, Mate"]
[Black "Bilku, Andras"]
[Result "1-0"]
[ECO "A45"]
[WhiteElo "1823"]
[BlackElo "1907"]
[Annotator "NA"]
[PlyCount "67"]
[EventDate "2019.06.21"]
[EventType "swiss"]
[EventCountry "HUN"]
[SourceTitle "playchess.com"]
[Source "ChessBase"]
[SourceQuality "1"]
[TimeControl "40/5400+30:1800+30"]

1. d4 Nf6 2. Bf4 e6 3. e3 d5 4. Nf3 Nbd7 5. Nbd2 c5 6. c3 b6 7. Ne5 Nxe5 8. dxe5 Nd7 9. Bd3 Bb7 10. a4 a6 11. Nf3 Be7 12. h4 h6 13. h5 Qc7 14. Rc1 Bc6 15. O-O c4 16. Bc2 Nc5 17. Nd4 Qd7 18. Ra1 Bb7 19. Qg4 Kf8 20. Bh2 f5 21. Qg6 Bc8 22. g4 fxg4 23. f4 Qe8 24. Qxg4 Kg8 25. Bg6 Qd7 26. f5 exf5 27. Rxf5 Bg5 28. Raf1 Bb7 29. Bf7+ Kh7 30. e6 Qe7 31. Re5 Rhf8 32. Nf5 Qf6 33. Nh4 Bxe3+ 34. Rxe3 1-0

[Event "HUN-ch U8-U18 2019"]
[Site "Balatonlelle"]
[Date "2019.06.24"]
[Round "5.14"]
[White "Vanczak, Tamas"]
[Black "Udvardi, Zalan"]
[Result "1/2-1/2"]
[ECO "A45"]
[WhiteElo "2311"]
[BlackElo "2211"]
[Annotator "NA"]
[PlyCount "50"]
[EventDate "2019.06.21"]
[EventType "swiss"]
[EventCountry "HUN"]
[SourceTitle "playchess.com"]
[Source "ChessBase"]
[SourceQuality "1"]
[TimeControl "40/5400+30:1800+30"]

1. d4 Nf6 2. Bf4 d5 3. e3 c5 4. c3 Nc6 5. Nd2 Bf5 6. Qb3 Qb6 7. dxc5 Qxb3 8. axb3 e5 9. Bg3 Bxc5 10. Ngf3 Nd7 11. b4 Bd6 12. Bb5 Ke7 13. O-O f6 14. Rfe1 Rhc8 15. Rad1 a5 16. e4 Bxe4 17. Nxe4 dxe4 18. Nd2 axb4 19. Nxe4 Bc7 20. cxb4 Nf8 21. f4 Rd8 22. fxe5 Bxe5 23. Bf2 Rxd1 24. Rxd1 Ne6 25. Nc5 Rd8 1/2-1/2

[Event "HUN-ch U8-U18 2019"]
[Site "Balatonlelle"]
[Date "2019.06.24"]
[Round "5.14"]
[White "Csidey, Csongor"]
[Black "Barsi, Botond"]
[Result "1-0"]
[ECO "B20"]
[WhiteElo "1708"]
[BlackElo "1850"]
[Annotator "NA"]
[PlyCount "59"]
[EventDate "2019.06.21"]
[EventType "swiss"]
[EventCountry "HUN"]
[SourceTitle "playchess.com"]
[Source "ChessBase"]
[SourceQuality "1"]
[TimeControl "40/5400+30:1800+30"]

1. e4 c5 2. c4 Nc6 3. Nc3 g6 4. g3 Bg7 5. Bg2 d6 6. Nge2 a6 7. O-O Rb8 8. a4 Nf6 9. d3 O-O 10. h3 Bd7 11. Be3 Nb4 12. Qd2 Qe8 13. e5 dxe5 14. Bxc5 Nc6 15. Rae1 Bf5 16. f4 Rd8 17. Nd5 e6 18. Bxf8 Qxf8 19. Nxf6+ Bxf6 20. Nc1 Qc5+ 21. Kh2 Qxc4 22. Rd1 Bxd3 23. Nxd3 e4 24. Ne5 Nxe5 25. Qxd8+ Bxd8 26. Rxd8+ Kg7 27. fxe5 Qxa4 28. Rf4 Qb5 29. Rxe4 Qxb2 30. Rd7 1-0

[Event "HUN-ch U8-U18 2019"]
[Site "Balatonlelle"]
[Date "2019.06.24"]
[Round "5.15"]
[White "Bohus, Adam"]
[Black "Kokeny, Norbert Adrian"]
[Result "0-1"]
[ECO "B32"]
[WhiteElo "2196"]
[BlackElo "2268"]
[Annotator "NA"]
[PlyCount "73"]
[EventDate "2019.06.21"]
[EventType "swiss"]
[EventCountry "HUN"]
[SourceTitle "playchess.com"]
[Source "ChessBase"]
[SourceQuality "1"]
[TimeControl "40/5400+30:1800+30"]

1. e4 c5 2. Nf3 Nc6 3. d4 cxd4 4. Nxd4 Qb6 5. Nb3 Nf6 6. Nc3 e6 7. Bg5 Be7 8. Qd2 a6 9. f4 d6 10. O-O-O Qc7 11. Be2 b5 12. Bxf6 gxf6 13. f5 b4 14. Na4 e5 15. c4 Bd7 16. Kb1 a5 17. c5 dxc5 18. Qd5 Rd8 19. Naxc5 Bxf5 20. Qc4 Bc8 21. Qb5 O-O 22. Rd3 Rxd3 23. Qxd3 Rd8 24. Qg3+ Kh8 25. Rc1 Qa7 26. Bh5 a4 27. Nxa4 Qxa4 28. Bxf7 Bb7 29. Qh4 Kg7 30. Bd5 Ra8 31. Qg4+ Kh8 32. Nc5 Bxc5 33. Rxc5 b3 34. Bxb3 Qb4 35. Rc3 Na5 36. Bc2 Nc4 37. Rb3 {time} 0-1

[Event "HUN-ch U8-U18 2019"]
[Site "Balatonlelle"]
[Date "2019.06.24"]
[Round "5.15"]
[White "Pervai, Laszlo"]
[Black "Kun, Balint"]
[Result "1-0"]
[ECO "C01"]
[WhiteElo "2033"]
[BlackElo "1813"]
[Annotator "NA"]
[PlyCount "70"]
[EventDate "2019.06.21"]
[EventType "swiss"]
[EventCountry "HUN"]
[SourceTitle "playchess.com"]
[Source "ChessBase"]
[SourceQuality "1"]
[TimeControl "40/5400+30:1800+30"]

1. e4 e6 2. d4 d5 3. Nc3 Nf6 4. exd5 exd5 5. Bg5 Be7 6. Bd3 Nc6 7. Nge2 Nb4 8. f3 Nxd3+ 9. Qxd3 c6 10. O-O-O b5 11. Ng3 O-O 12. Nf5 Bxf5 13. Qxf5 a5 14. h4 a4 15. g4 b4 16. Nb1 b3 17. axb3 axb3 18. c3 Re8 19. Rde1 Nd7 20. Bxe7 Rxe7 21. Qg5 f6 22. Qd2 Nb6 23. Rxe7 Qxe7 24. Re1 Qc7 25. Na3 Nc4 26. Qe2 Qd6 27. Nxc4 dxc4 28. Qe6+ Qxe6 29. Rxe6 Rc8 30. Re7 c5 31. Kd2 cxd4 32. cxd4 c3+ 33. bxc3 Rb8 34. Re1 Kf7 35. Rb1 Ke6 1-0

[Event "HUN-ch U8-U18 2019"]
[Site "Balatonlelle"]
[Date "2019.06.24"]
[Round "5.16"]
[White "Horvath, Balazs"]
[Black "Pogany, Zsombor"]
[Result "1-0"]
[ECO "B03"]
[WhiteElo "2139"]
[BlackElo "2121"]
[Annotator "NA"]
[PlyCount "45"]
[EventDate "2019.06.21"]
[EventType "swiss"]
[EventCountry "HUN"]
[SourceTitle "playchess.com"]
[Source "ChessBase"]
[SourceQuality "1"]
[TimeControl "40/5400+30:1800+30"]

1. e4 Nf6 2. e5 Nd5 3. c4 Nb6 4. d4 d6 5. exd6 cxd6 6. h3 g6 7. Nf3 Bg7 8. Nc3 O-O 9. Be2 Bf5 10. O-O d5 11. c5 Nc8 12. Qb3 b6 13. Qxd5 Qxd5 14. Nxd5 Nc6 15. Nc7 Rb8 16. Na6 Ra8 17. Bb5 Be4 18. d5 Na5 19. Bd2 Bxd5 20. Nc7 Bxf3 21. gxf3 Rb8 22. Na6 Be5 23. f4 1-0

[Event "HUN-ch U8-U18 2019"]
[Site "Balatonlelle"]
[Date "2019.06.24"]
[Round "5.16"]
[White "Farkas, Otto Jr."]
[Black "Fesus, Marcell"]
[Result "1-0"]
[ECO "B43"]
[WhiteElo "1859"]
[BlackElo "1426"]
[Annotator "NA"]
[PlyCount "91"]
[EventDate "2019.06.21"]
[EventType "swiss"]
[EventCountry "HUN"]
[SourceTitle "playchess.com"]
[Source "ChessBase"]
[SourceQuality "1"]
[TimeControl "40/5400+30:1800+30"]

1. e4 c5 2. Nf3 e6 3. d4 cxd4 4. Nxd4 a6 5. Nc3 b5 6. Qd3 Bb7 7. Be3 d6 8. f3 Nf6 9. O-O-O Qc7 10. Kb1 Nc6 11. Nxc6 Bxc6 12. Qd2 d5 13. exd5 Nxd5 14. Nxd5 Bxd5 15. Bd4 Rd8 16. b3 f6 17. Qe3 Rc8 18. Bd3 Be7 19. h4 Qb7 20. Rhe1 e5 21. Bb2 Bf7 22. Be4 Qc7 23. Bf5 Rd8 24. Rxd8+ Qxd8 25. f4 exf4 26. Qe2 Bg6 27. Bxg6+ hxg6 28. Ba3 Kf7 29. Qe6+ Ke8 30. Bxe7 Qd7 31. Qxa6 Kf7 32. Bb4 Re8 33. Rxe8 Qxe8 34. Qb7+ Kg8 35. Qd5+ Kh7 36. Qf3 g5 37. hxg5 fxg5 38. g3 fxg3 39. Qxg3 Qe4 40. Qd3 Qxd3 41. cxd3 Kg6 42. a4 bxa4 43. bxa4 g4 44. a5 g3 45. a6 g2 46. Bc5 1-0

[Event "HUN-ch U8-U18 2019"]
[Site "Balatonlelle"]
[Date "2019.06.24"]
[Round "5.17"]
[White "Acs, Marton"]
[Black "Monduk, Ferenc"]
[Result "1-0"]
[ECO "A05"]
[WhiteElo "2138"]
[BlackElo "1717"]
[Annotator "NA"]
[PlyCount "39"]
[EventDate "2019.06.21"]
[EventType "swiss"]
[EventCountry "HUN"]
[SourceTitle "playchess.com"]
[Source "ChessBase"]
[SourceQuality "1"]
[TimeControl "40/5400+30:1800+30"]

1. Nf3 Nf6 2. g3 g6 3. Bg2 Bg7 4. O-O O-O 5. d4 d6 6. b3 c5 7. Bb2 cxd4 8. Nxd4 Nbd7 9. c4 a6 10. Nc3 e5 11. Nc2 Nc5 12. Qd2 Qe7 13. Rad1 Rd8 14. Ne3 Be6 15. b4 Ncd7 16. Bxb7 Ra7 17. Bg2 Rb8 18. Ncd5 Nxd5 19. cxd5 Bf5 20. g4 1-0

[Event "HUN-ch U8-U18 2019"]
[Site "Balatonlelle"]
[Date "2019.06.24"]
[Round "5.17"]
[White "Palczert, Matyas"]
[Black "Szegedy, Matyas"]
[Result "1-0"]
[ECO "B13"]
[WhiteElo "2007"]
[BlackElo "1806"]
[Annotator "NA"]
[PlyCount "45"]
[EventDate "2019.06.21"]
[EventType "swiss"]
[EventCountry "HUN"]
[SourceTitle "playchess.com"]
[Source "ChessBase"]
[SourceQuality "1"]
[TimeControl "40/5400+30:1800+30"]

1. e4 c6 2. d4 d5 3. exd5 cxd5 4. Bd3 Nc6 5. c3 Nf6 6. h3 g6 7. Nf3 Bg7 8. O-O O-O 9. Re1 a6 10. Nbd2 b6 11. a4 Bb7 12. b4 Qc7 13. Ba3 Rfe8 14. b5 axb5 15. Bxb5 e6 16. Rc1 Ba6 17. c4 Rec8 18. cxd5 Bxb5 19. axb5 Rxa3 20. Rxc6 Qb7 21. Nc4 Rxf3 22. Qxf3 Nxd5 23. Nd6 1-0

[Event "HUN-ch U8-U18 2019"]
[Site "Balatonlelle"]
[Date "2019.06.24"]
[Round "5.18"]
[White "Kresz, Adam"]
[Black "Kaloczi, Kristof"]
[Result "0-1"]
[ECO "B33"]
[WhiteElo "1949"]
[BlackElo "2098"]
[Annotator "NA"]
[PlyCount "84"]
[EventDate "2019.06.21"]
[EventType "swiss"]
[EventCountry "HUN"]
[SourceTitle "playchess.com"]
[Source "ChessBase"]
[SourceQuality "1"]
[TimeControl "40/5400+30:1800+30"]

1. e4 c5 2. Nf3 Nc6 3. d4 cxd4 4. Nxd4 Nf6 5. Nc3 e5 6. Ndb5 d6 7. Bg5 a6 8. Na3 b5 9. Bxf6 gxf6 10. Nd5 Bg7 11. c3 f5 12. Nxb5 axb5 13. Bxb5 Bd7 14. exf5 O-O 15. Qg4 f6 16. O-O Kh8 17. a4 Rb8 18. Rfd1 Ne7 19. Nxe7 Qxe7 20. c4 Rfc8 21. Qe4 Bf8 22. Rd3 Bxb5 23. axb5 Qc7 24. b3 Qb7 25. Qh4 Qf7 26. Qe4 Rd8 27. Rd5 Rdc8 28. h3 Rc5 29. Rxc5 dxc5 30. Qc6 Kg7 31. b6 Rb7 32. Qxb7 Qxb7 33. Ra7 Qf7 34. Rxf7+ Kxf7 35. g4 Ke8 36. b7 Bd6 37. h4 Kd7 38. b4 cxb4 39. c5 Bc7 40. g5 fxg5 41. hxg5 b3 42. g6 hxg6 0-1

[Event "HUN-ch U8-U18 2019"]
[Site "Balatonlelle"]
[Date "2019.06.24"]
[Round "5.18"]
[White "Bodrogi, Bendeguz"]
[Black "Tancsa, Tamas"]
[Result "0-1"]
[ECO "A10"]
[WhiteElo "1925"]
[BlackElo "2158"]
[Annotator "NA"]
[PlyCount "112"]
[EventDate "2019.06.21"]
[EventType "swiss"]
[EventCountry "HUN"]
[SourceTitle "playchess.com"]
[Source "ChessBase"]
[SourceQuality "1"]
[TimeControl "40/5400+30:1800+30"]

1. c4 d6 2. g3 e5 3. Bg2 g6 4. Nc3 Bg7 5. e3 f5 6. Nge2 Nf6 7. b3 O-O 8. O-O Nc6 9. Bb2 g5 10. f4 gxf4 11. exf4 e4 12. d3 Ng4 13. dxe4 Ne3 14. Qd2 Nxf1 15. Rxf1 Qf6 16. Ba1 Be6 17. Nd5 Qf7 18. Nec3 Rac8 19. Re1 Kh8 20. exf5 Bxf5 21. Ne4 Rfe8 22. Ng5 Qg6 23. b4 Rxe1+ 24. Qxe1 Bxa1 25. Qxa1+ Qg7 26. Qxg7+ Kxg7 27. b5 Nd4 28. Ne7 Re8 29. Nxf5+ Nxf5 30. Bxb7 Re1+ 31. Kf2 Ra1 32. Ne6+ Kf6 33. Nxc7 Rxa2+ 34. Kf3 Rxh2 35. Nd5+ Kf7 36. Ne3 Ne7 37. g4 Rd2 38. Ke4 Rf2 39. Nf5 Ng6 40. Nxd6+ Ke6 41. f5+ Kxd6 42. fxg6 hxg6 43. Ke3 Rf8 44. Kd4 Rf4+ 45. Be4 Rxg4 46. c5+ Kc7 47. Ke5 Rg5+ 48. Kd4 Rg1 49. Ke3 Re1+ 50. Kf3 g5 51. Bf5 Kb8 52. b6 a5 53. c6 Rc1 54. Be4 a4 55. c7+ Kc8 56. Bd5 a3 0-1

[Event "HUN-ch U8-U18 2019"]
[Site "Balatonlelle"]
[Date "2019.06.24"]
[Round "5.19"]
[White "Szabo, A. Martin"]
[Black "Kovacs, Gabor Etele"]
[Result "0-1"]
[ECO "D44"]
[WhiteElo "1946"]
[BlackElo "2062"]
[Annotator "NA"]
[PlyCount "100"]
[EventDate "2019.06.21"]
[EventType "swiss"]
[EventCountry "HUN"]
[SourceTitle "playchess.com"]
[Source "ChessBase"]
[SourceQuality "1"]
[TimeControl "40/5400+30:1800+30"]

1. d4 d5 2. c4 e6 3. Nf3 c6 4. Nc3 Nf6 5. Bg5 dxc4 6. e4 b5 7. e5 h6 8. Bh4 g5 9. Nxg5 hxg5 10. Bxg5 Be7 11. exf6 Bxf6 12. Bxf6 Qxf6 13. g3 Bb7 14. Bg2 Na6 15. Ne4 Qe7 16. O-O O-O-O 17. a4 f5 18. Nc3 b4 19. Ne2 c5 20. Bxb7+ Qxb7 21. f3 cxd4 22. Rc1 c3 23. Kg2 Nc5 24. Nxd4 e5 25. bxc3 b3 26. Qe2 b2 27. Rb1 exd4 28. cxd4 Qh7 29. h4 Rdg8 30. dxc5 Rxg3+ 31. Kf2 Rh3 32. Qa6+ Qb7 33. Qxb7+ Kxb7 34. Rxb2+ Kc6 35. Ke3 R8xh4 36. Ra1 Re4+ 37. Kd2 Rxf3 38. Rb8 Kxc5 39. a5 Rf2+ 40. Kd3 Rf3+ 41. Kd2 Kd4 42. Ra4+ Ke5 43. Rb5+ Kf4 44. Rxe4+ fxe4 45. Rb7 Rf2+ 46. Ke1 Ra2 47. Rxa7 Kf3 48. a6 Ra1+ 49. Kd2 e3+ 50. Kc2 e2 0-1